 Dungeon Crawl Stone Soup version 0.17-a0-2122-g03d97ec (webtiles) character file.

429 armour10 the Magician (level 6, -3/45 HPs)
             Began as a Draconian Conjurer on Oct 21, 2015.
             Was an Initiate of Ashenzari.
             Slain by Aelig's ghost (8 damage)
             ... on level 4 of the Dungeon.
             The game lasted 00:24:08 (4276 turns).

armour10 the Magician (Draconian Conjurer)          Turns: 4276, Time: 00:24:09

Health: -3/45      AC:  8    Str: 10    XL:     6   Next: 66%
Magic:  0/14       EV: 13    Int: 17    God:    Ashenzari [......]
Gold:   95         SH:  0    Dex: 12    Spells: 5 memorised, 1 level left

rFire  . . .     SeeInvis .     w - staff of wizardry (curse)
rCold  . . .     Clarity  .     (armour unavailable)
rNeg   + . .     SustAt   .     (no shield)
rPois  .         Gourm    .     (helmet restricted)
rElec  .         Spirit   .     d - +1 cloak {+Inv}
rCorr  .         Warding  .     (no gloves)
rMut   .         Stasis   .     (no boots)
MR     .....                    (no amulet)
Stlth  ++........               (no ring)
                                k - ring of positive energy

@: not resistant to hostile enchantments, unstealthy
A: unfitting armour, cold-blooded, AC +6
a: Renounce Religion, Evoke Invisibility


You were on level 4 of the Dungeon.
You worshipped Ashenzari.
Ashenzari was noncommittal.
You were full.

You visited 1 branch of the dungeon, and saw 4 of its levels.

You collected 95 gold pieces.

Inventory:

Hand Weapons
 f - a +0 club
 m - a +1 short sword of draining
 n - a +0 dagger
 s - a +3 quarterstaff of chaos
Armour
 d - a +1 cloak of invisibility (worn)
 t - a +0 cloak
Magical Staves
 w - a cursed staff of wizardry (weapon)
Jewellery
 k - a ring of positive energy (left hand)
 x - a cursed ring of teleportation
Wands
 i - a wand of flame (26)
Scrolls
 q - 4 scrolls of teleportation
Potions
 c - 2 potions of might
 e - 2 potions of flight
 h - 3 potions of curing {unknown}
 j - a potion of haste {unknown}
 l - a potion of lignification {unknown}
 o - a potion of brilliance {unknown}
Books
 a - a book of Conjurations

   Spells                             Type                      Level
   a - Magic Dart                     Conjuration                  1
   b - Searing Ray                    Conjuration                  2
   c - Dazzling Spray                 Conjuration/Hexes            3
   d - Fulminant Prism                Conjuration/Hexes            4
   e - Iskenderun's Mystic Blast      Conjuration                  4
   f - Iskenderun's Battlesphere      Conjuration/Charms           5
Comestibles
 b - 2 bread rations
 g - 3 beef jerkies
 r - a meat ration


   Skills:
 - Level 4.0 Dodging
 - Level 2.0 Stealth
 + Level 5.4 Spellcasting
 - Level 4.0 Conjurations


You had one spell level left.
You knew the following spells:

 Your Spells              Type           Power        Failure   Level  Hunger
a - Magic Dart            Conj           ###.         1%          1    None
b - Searing Ray           Conj           ###...       1%          2    #......
c - Dazzling Spray        Conj/Hex       ##......     9%          3    ##.....
d - Iskenderun's Mystic   Conj           ###.....     12%         4    ####...
e - Fulminant Prism       Conj/Hex       ##........   38%         4    ####...


Dungeon Overview and Level Annotations

Branches:
Dungeon (4/15)
 Temple: D:4-7

Altars:
Ashenzari
Elyvilon
Zin
The Shining One

Annotations:
D:4 Aelig's ghost, amateur HESk


Innate Abilities, Weirdness & Mutations

Your plain brown scales are hard (AC +6).
Your body does not fit into most forms of armour.
You are cold-blooded and may be slowed by cold attacks.


Message History

Aelig's ghost hits you.
You barely miss Aelig's ghost.
Aelig's ghost is severely damaged.
Aelig's ghost closely misses you. x2
You hit Aelig's ghost but do no damage.
Aelig's ghost is severely damaged.
Aelig's ghost hits you but does no damage.
You closely miss Aelig's ghost.
Aelig's ghost is severely damaged.
Aelig's ghost hits you!
* * * LOW HITPOINT WARNING * * *
Casting: Searing Ray
Confirm with . or Enter, or press ? or * to list all spells.
Aiming: Magic Dart
Press: ? - help, Shift-Dir - straight line, f/p - Aelig's ghost
Aim: Aelig's ghost (severely damaged)
The magic dart hits Aelig's ghost.
Aelig's ghost is severely damaged.
Aelig's ghost hits you!
You die...

+...# ...+ ..# #.#
########
##+######.###+#......#
..............'......+
.......[......#......#
##+##.###....##.W....#
##.##.###....#..@..###
+<...........#.....#
#............+.....#
#............#.....#
#............#.....+
##...###$.##+#.....#
#+## ##+# ..##'## ...
..


You could see Aelig's ghost.

Vanquished Creatures
  Sigmund (D:2)
  A hound (D:3)
  Crazy Yiuf (D:2)
  An orc wizard (D:3)
  A worker ant (D:4)
  8 adders
  2 oozes
  A worm (D:2)
  2 giant geckos
  3 orcs (D:3)
  3 ball pythons
  4 giant cockroaches
  8 goblins
  11 hobgoblins
  10 jackals
  A quokka (D:2)
  9 bats
  2 giant newts
  6 kobolds
  9 rats
84 creatures vanquished.

Notes
Turn   | Place    | Note
--------------------------------------------------------------
     0 | D:1      | armour10 the Draconian Conjurer began the quest for the Orb.
     0 | D:1      | Reached XP level 1. HP: 14/14 MP: 3/3
   366 | D:1      | Reached XP level 2. HP: 20/20 MP: 0/5
   697 | D:1      | Learned a level 2 spell: Searing Ray
  1089 | D:1      | Reached XP level 3. HP: 3/26 MP: 2/6
  1468 | D:2      | Found a glowing silver altar of Zin.
  1468 | D:2      | Found a glowing golden altar of the Shining One.
  1468 | D:2      | Found a white marble altar of Elyvilon.
  1720 | D:2      | Learned a level 3 spell: Dazzling Spray
  1738 | D:2      | Noticed Sigmund
  1745 | D:2      | Reached XP level 4. HP: 33/33 MP: 2/7
  2384 | D:2      | Killed Sigmund
  2384 | D:2      | Reached XP level 5. HP: 33/38 MP: 1/11
  2742 | D:2      | Noticed Crazy Yiuf
  2750 | D:2      | Killed Crazy Yiuf
  2750 | D:2      | Reached XP level 6. HP: 45/45 MP: 4/12
  3248 | D:3      | Reached skill level 5 in Spellcasting
  3457 | D:3      | Learned a level 4 spell: Iskenderun's Mystic Blast
  3462 | D:3      | Learned a level 4 spell: Fulminant Prism
  3491 | D:3      | Found a shattered altar of Ashenzari.
  3498 | D:3      | Became a worshipper of Ashenzari the Shackled
  3713 | D:4      | Noticed Aelig's ghost (amateur HESk)
  4276 | D:4      | Slain by Aelig's ghost

Vault maps used:
D:1:      lemuel_arrival_room, nrook_uturn
D:2:      good_gods_mini_temple, uniq_sigmund, uniq_crazy_yiuf_cottage
D:3:      ashenzari_altar_1
D:4:      temple_pool_b, first_bread

Action                   |  1- 3 |  4- 6 || total
-------------------------+-------+-------++-------
Melee: Dagger            |     2 |       ||     2
       Short sword       |     2 |     4 ||     6
       Staff             |       |     8 ||     8
       Quarterstaff      |       |     2 ||     2
 Cast: Magic Dart        |    56 |   104 ||   160
       Searing Ray       |     6 |    23 ||    29
  Use: Scroll            |     4 |     6 ||    10
       Potion            |     3 |     1 ||     4
  Eat: Pizza             |     1 |       ||     1
       Meat ration       |     1 |     1 ||     2
       Bread ration      |       |     1 ||     1
       Chunk             |       |     1 ||     1
